 Dungeon Crawl Stone Soup version 0.23-a0-143-g1adec7b (webtiles) character file.

67 Amnesiac the Chiller (level 4, -1/30 HPs)
             Began as a Mummy Ice Elementalist on Sept 4, 2018.
             Killed by divine providence
             ... invoked by an orc priest
              (17 damage)
             ... on level 3 of the Dungeon.
             The game lasted 00:02:13 (1102 turns).

Amnesiac the Chiller (Mummy Ice Elementalist)       Turns: 1102, Time: 00:02:14

Health: -1/30      AC:  2    Str: 11    XL:     4   Next: 0%
Magic:  0/9        EV: 12    Int: 15    God:
Gold:   47         SH:  0    Dex: 12    Spells: 6/10 levels left

rFire    x . .     SeeInvis .   b - +2 dagger (venom)
rCold    + . .     Gourm    .   (no shield)
rNeg     + + +     Faith    .   a - +0 robe
rPois    ∞         Spirit   .   (no helmet)
rElec    .         Reflect  .   (no cloak)
rCorr    .         Harm     .   (no gloves)
MR       .....                  (no boots)
Stlth    ++........             (no amulet)
HPRegen  0.10/turn              (no ring)
MPRegen  0.11/turn              (no ring)

@: no status effects
A: no food or potions, fire vulnerability, cold resistance 1, negative energy
resistance 3, torment resistance, unbreathing
a: no special abilities


You were on level 3 of the Dungeon.
You were not hungry.

You visited 1 branch of the dungeon, and saw 3 of its levels.

You collected 47 gold pieces.

Inventory:

Hand Weapons
 b - a +2 dagger of venom (weapon)
Armour
 a - a +0 robe (worn)
Scrolls
 c - a scroll of identify {!r, unknown}


   Skills:
 - Level 1.5 Dodging
 - Level 1.5 Stealth
 + Level 3.6 Spellcasting
   Level 0.7 Conjurations
 * Level 3.6 Ice Magic


You had 6 spell levels left.
You knew the following spells:

 Your Spells              Type           Power        Failure   Level  Hunger
a - Freeze                Ice            ##..         4%          1    N/A
b - Ozocubu's Armour      Chrm/Ice       #.......     26%         3    N/A

Your spell library contained the following spells:

 Spells                   Type           Power        Failure   Level  Hunger
 Throw Frost              Conj/Ice       #.....       12%         2    N/A
 Throw Icicle             Conj/Ice       #.......     58%         4    N/A
 Summon Ice Beast         Ice/Summ       #.......     65%         4    N/A

Dungeon Overview and Level Annotations

Branches:
Dungeon (3/15)

Altars:


Innate Abilities, Weirdness & Mutations

You do not eat or drink.
Your flesh is vulnerable to fire.
You are immune to poison.
Your flesh is cold resistant. (rC+)
You are immune to negative energy. (rN+++)
You are immune to unholy pain and torment.
You can survive without breathing.


Message History

Confirm with . or Enter, or press ? or * to list all spells.
You can't see any susceptible monsters within range! (Use Z to cast anyway.)
Press: ? - help, v - describe, . - travel, g - get item A dagger of venom.
The floor.
A goblin comes into view. It is wielding a club.
You see here a dagger of venom.
b - a dagger of venom The orc barely misses you.
Wield which item (- for none, * to show all)? (? for menu, Esc to quit)
Your +2 dagger of venom begins to drip with poison!
b - a +2 dagger of venom (weapon)
Casting: Freeze (safe; 4% risk of failure)
Confirm with . or Enter, or press ? or * to list all spells.
Aiming: Freeze (safe; 4% risk of failure)
Press: ? - help, Shift-Dir - straight line, f - orc
Aim: an orc, wielding a flail of venom You freeze the orc.
The orc is almost dead.
The orc priest hits you but does no damage.
The orc hits you with a flail of venom!
Casting: Freeze (safe; 4% risk of failure)
Confirm with . or Enter, or press ? or * to list all spells.
Aiming: Freeze (safe; 4% risk of failure)
Press: ? - help, Shift-Dir - straight line, f/p - orc
Aim: an orc, wielding a flail of venom (almost dead)
You freeze the orc.
You kill the orc!
You have reached level 4!
A rat comes into view.
The orc priest hits you from afar with a spear.
The orc priest closely misses you.
You see here a flail of venom.
Casting: Freeze (safe; 4% risk of failure)
Confirm with . or Enter, or press ? or * to list all spells.
Aiming: Freeze (safe; 4% risk of failure)
Press: ? - help, Shift-Dir - straight line, f - orc priest
Aim: an orc priest, wielding a spear You freeze the orc priest.
The orc priest is heavily wounded.
The orc priest hits you with a spear.
Unknown command.
Casting: Freeze (safe; 4% risk of failure)
Confirm with . or Enter, or press ? or * to list all spells.
Aiming: Freeze (safe; 4% risk of failure)
Press: ? - help, Shift-Dir - straight line, f/p - orc priest
Aim: an orc priest, wielding a spear (heavily wounded)
You freeze the orc priest.
The orc priest is severely wounded.
A leopard gecko comes into view.
The orc priest barely misses you.
Unknown command.
Casting: Freeze (safe; 4% risk of failure)
Confirm with . or Enter, or press ? or * to list all spells.
Aiming: Freeze (safe; 4% risk of failure)
Press: ? - help, Shift-Dir - straight line, f/p - orc priest
Aim: an orc priest, wielding a spear (severely wounded)
You freeze the orc priest.
The orc priest is severely wounded.
The leopard gecko hisses angrily.
The orc priest calls down the wrath of Beogh upon you.
Beogh smites you!
Ouch! That really hurt!
You die...

.# ...) .##...#...#.
#. .#. .....#.....#
#.. ..#
............##
##o......
..##.#....%#..
..#..(.
..##..#...#...#...#..
.......###...#.#.gr#
.###..#..#..#..(#o.#
..([÷#(..###....@#
####....#..#.....# #
#...#...#...†.# #
#.......#.#...#.#
.........#...#.#.l.#
###..................
#........###########
##########


You could see an orc priest, a leopard gecko, a goblin and a rat.

Vanquished Creatures
  An orc wizard (D:2)
  An adder (D:3)
  A leopard gecko (D:3)
  6 orcs
  3 bats
  A goblin (D:1)
  3 hobgoblins (D:1)
  A quokka (D:3)
  4 kobolds
  2 rats
23 creatures vanquished.

Notes
Turn   | Place    | Note
-------+----------+-------------------------------------------
     0 | D:1      | Amnesiac the Mummy Ice Elementalist began the quest for the
                  | Orb.
     0 | D:1      | Reached XP level 1. HP: 13/13 MP: 4/4
   423 | D:2      | Reached XP level 2. HP: 11/19 MP: 2/5
   687 | D:2      | Reached XP level 3. HP: 11/24 MP: 0/7
   692 | D:2      | Learned a level 3 spell: Ozocubu's Armour
  1098 | D:3      | Reached XP level 4. HP: 18/30 MP: 2/9
  1102 | D:3      | Killed from afar by an orc priest

Vault maps used:
D:1:      minmay_arrival_four_loops, serial_forest,
          infiniplex_forest_lined_4_way, infiniplex_forest_corner_1,
          infiniplex_forest_corner_1, infiniplex_forest_lined_3_way,
          infiniplex_forest_zigzag_2, infiniplex_forest_clump_long,
          infiniplex_forest_end_2, infiniplex_forest_zigzag_1,
          infiniplex_forest_end_1, minmay_misc_feat_plants,
          minmay_misc_feat_enclosed
D:3:      okawaru_altar_gauntlet_db, gammafunk_ghost_mausoleum, first_ration,
          minmay_splitting_lines

Skill      XL: |  1  2 |
---------------+-------+-----
Spellcasting   | 3 |  3.6
Ice Magic      | 3 |  3.6
Dodging        | |  1.5
Stealth        | |  1.5
Conjurations   | |  0.7

Action                   |  1- 3 |  4- 6 || total
-------------------------+-------+-------++-------
Melee: Unarmed           |    15 |       ||    15
 Cast: Freeze            |    46 |     4 ||    50
  Use: Scroll            |     1 |       ||     1
Armor: Robe              |    10 |       ||    10
Dodge: Dodged            |    36 |     2 ||    38

Table legend:
 A = Non-vault XP
 B = Vault XP
 C = Vault XP percentage of total XP
 D = Non-vault monster count
 E = Vault monster count
 F = Vault count percentage of total count
                 A         B        C        D         E       F
            +---------+---------+-------+---------+---------+-------
      Total |      97 |       0 |   0.0 |      23 |       0 |   0.0
            +---------+---------+-------+---------+---------+-------
        D:1 |      13 |       0 |   0.0 |       8 |       0 |   0.0
        D:2 |      47 |       0 |   0.0 |       5 |       0 |   0.0
        D:3 |      37 |       0 |   0.0 |      10 |       0 |   0.0
            +---------+---------+-------+---------+---------+-------
